 Dungeon Crawl Stone Soup version 0.29.1-15-g9cfb28693d (webtiles) character file.

Game seed: 7099620605966875584

131 Kranky the Twirler (level 5, -3/40 HPs)
             Began as a Gnoll Wanderer on Apr 22, 2023.
             Slain by Edmund
             ... wielding a +5 vorpal dire flail
              (9 damage)
             ... on level 4 of the Dungeon.
             The game lasted 00:04:20 (2732 turns).

Kranky the Twirler (Gnoll Wanderer)                 Turns: 2732, Time: 00:04:21

Health: -3/40      AC:  6    Str: 10    XL:     5   Next: 14%
Magic:  9/9        EV:  8    Int: 13    God:
Gold:   132        SH:  5    Dex: 13    Spells: 9/10 levels left

rFire   . . .      SeeInvis .   w - +1 dagger (venom)
rCold   . . .      Faith    .   (no shield)
rNeg    . . .      Spirit   .   m - +0 scale mail
rPois   .          Reflect  +   (no helmet)
rElec   .          Harm     .   (no cloak)
rCorr   +          Rampage  .   (no gloves)
Will    .....                   (no boots)
Stlth   ..........              g - amulet of reflection
HPRegen 0.13/turn               q - ring of resist corrosion
MPRegen 0.11/turn               (no ring)

@: no status effects
A: fangs 1, strong nose, distributed training
a: no special abilities


You were on level 4 of the Dungeon.
You visited 1 branch of the dungeon, and saw 4 of its levels.

You collected 132 gold pieces.

Inventory:

Hand Weapons
 a - a +2 quarterstaff
 c - a +0 dagger
 w - a +1 dagger of venom (weapon)
Missiles
 b - 9 poisoned darts (quivered)
 y - 9 atropa-tipped darts
Armour
 e - a +0 robe
 m - a +0 scale mail (worn)
Jewellery
 g - an amulet of reflection (around neck)
 q - a ring of resist corrosion (left hand)
Scrolls
 f - 3 scrolls of brand weapon {unknown}
 h - a scroll of vulnerability {unknown}
 k - a scroll of enchant armour {unknown}
 l - 3 scrolls of immolation {unknown}
 n - a scroll of enchant weapon {unknown}
 o - 2 scrolls of poison {unknown}
 t - 7 scrolls of identify {unknown}
 v - a scroll of summoning {unknown}
 x - 2 scrolls of magic mapping {unknown}
 A - a scroll of amnesia {unknown}
Potions
 d - 2 potions of invisibility
 i - a potion of heal wounds {unknown}
 j - a potion of degeneration {unknown}
 p - 2 potions of brilliance {unknown}
 r - 2 potions of lignification {unknown}
 s - a potion of cancellation {unknown}
 u - 2 potions of haste {unknown}
 z - a potion of mutation {unknown}


   Skills:
 + Level 2.9 Fighting
 + Level 1.4 Short Blades
 + Level 1.4 Long Blades
 + Level 1.4 Axes
 + Level 1.4 Maces & Flails
 + Level 1.4 Polearms
 + Level 6.7 Staves
 + Level 1.4 Ranged Weapons
 + Level 4.7 Throwing
 + Level 1.4 Armour
 + Level 1.4 Dodging
 + Level 1.4 Stealth
 + Level 1.4 Shields
 + Level 1.4 Unarmed Combat
 + Level 3.1 Spellcasting
 + Level 1.1 Conjurations
 + Level 1.1 Hexes
 + Level 1.1 Summonings
 + Level 1.1 Necromancy
 + Level 1.1 Translocations
 + Level 1.1 Transmutations
 + Level 1.1 Fire Magic
 + Level 1.1 Ice Magic
 + Level 1.1 Air Magic
 + Level 5.5 Earth Magic
 + Level 1.1 Poison Magic
 + Level 1.6 Invocations
 + Level 1.4 Evocations


You had 9 spell levels left.
You knew the following spells:

 Your Spells              Type           Power      Damage    Failure   Level
a - Sandblast             Erth           32%        2d9       16%         1

Your spell library contained the following spells:

 Spells                   Type           Power      Damage    Failure   Level
 Stone Arrow              Conj/Erth      20%        3d8       75%         3
 Tukima's Dance           Hex            5%         N/A       96%         3
 Passage of Golubria      Tloc           5%         N/A       100%        4
 Yara's Violent Unravell  Hex/Tmut       2%         3d3       100%        5


Dungeon Overview and Level Annotations

Branches:
Dungeon (4/15)
 Temple: D:4-7

Altars:

Annotations:
D:2 1 runed translucent door, Crazy Yiuf
D:4 Edmund


Innate Abilities, Weirdness & Mutations

You have very sharp teeth.
Your uncanny sense of smell can sniff out nearby items.
Your experience applies equally to all skills.


Message History

You throw a poisoned dart. The poisoned dart hits Edmund.
Edmund looks even sicker.
Edmund is lightly wounded.
Throw: 13 darts (poison)
Press: ? - help, Q - select action, (/) - cycle Shift-Dir - straight line, f/p - Edmund
Aim: Edmund, wielding a +5 vorpal dire flail and wearing a +0 ring mail (lightly wounded, very poisoned, 64% to hit)
You throw a poisoned dart. The poisoned dart hits Edmund.
Edmund looks even sicker.
Edmund is lightly wounded.
Throw: 12 darts (poison)
Press: ? - help, Q - select action, (/) - cycle Shift-Dir - straight line, f/p - Edmund
Aim: Edmund, wielding a +5 vorpal dire flail and wearing a +0 ring mail (very poisoned, 64% to hit)
You throw a poisoned dart.
The poisoned dart closely misses Edmund.
Throw: 11 darts (poison)
Press: ? - help, Q - select action, (/) - cycle Shift-Dir - straight line, f/p - Edmund
Aim: Edmund, wielding a +5 vorpal dire flail and wearing a +0 ring mail (very poisoned, 64% to hit)
You throw a poisoned dart.
The poisoned dart closely misses Edmund.
Throw: 10 darts (poison)
Press: ? - help, Q - select action, (/) - cycle Shift-Dir - straight line, f/p - Edmund
Aim: Edmund, wielding a +5 vorpal dire flail and wearing a +0 ring mail (lightly wounded, very poisoned, 64% to hit)
You throw a poisoned dart. The poisoned dart barely misses Edmund.
Unknown command.
You hit Edmund but do no damage.
Edmund is lightly wounded.
Edmund hits you with a +5 vorpal dire flail.
You closely miss Edmund.
Edmund is lightly wounded.
Edmund gestures with his flail.
You block Edmund's attack.
You barely miss Edmund.
Edmund is lightly wounded.
Edmund hits you with a +5 vorpal dire flail!
Edmund attacks as you move away!
Edmund hits you with a +5 vorpal dire flail!
* * * LOW HITPOINT WARNING * * *
x2 Edmund attacks as you move away!
Edmund hits you with a +5 vorpal dire flail!
You die...

.. .###.....(..# ..
............
##.##..........
...............
#..!...# # #......#
.#.#.##.#####
.......@#
...#.##@##########.
...................
...####....#####...
.# #######.#####.#.
................
...####.#####.##
#.# #.#####.#
#..<....#


You could see Edmund (very poisoned).

Vanquished Creatures
  Terence (D:2)
  6 adders
  A dart slug (D:1)
  4 orcs (D:3)
  6 ball pythons
  4 endoplasms
  A giant cockroach (D:2)
  2 hobgoblins
  A jackal (D:2)
  3 kobolds
  3 quokkas
  3 bats
  3 frilled lizards
  7 goblins
  6 rats
51 creatures vanquished.

Notes
Turn   | Place    | Note
-------+----------+-------------------------------------------
     0 | D:1      | Kranky the Gnoll Wanderer began the quest for the Orb.
     0 | D:1      | Kranky set off with the following items: a +2 quarterstaff,
                  | 15 poisoned darts, a +0 dagger, a potion of invisibility, a
                  | +0 robe; and the following spell memorised: Sandblast; and
                  | the following spells available to memorise: Stone Arrow.
     0 | D:1      | Reached XP level 1. HP: 17/17 MP: 4/4
   285 | D:1      | Reached XP level 2. HP: 19/23 MP: 5/5
   696 | D:1      | Found a faded altar of an unknown god.
  1017 | D:2      | Reached XP level 3. HP: 22/28 MP: 7/7
  1350 | D:2      | Reached skill level 1 in Invocations
  1542 | D:2      | Found a runed translucent door.
  1543 | D:2      | Noticed Crazy Yiuf
  1604 | D:2      | Reached skill level 1 in Short Blades
  1604 | D:2      | Reached skill level 1 in Long Blades
  1604 | D:2      | Reached skill level 1 in Axes
  1604 | D:2      | Reached skill level 1 in Maces & Flails
  1604 | D:2      | Reached skill level 1 in Polearms
  1604 | D:2      | Reached skill level 1 in Ranged Weapons
  1604 | D:2      | Reached skill level 1 in Armour
  1604 | D:2      | Reached skill level 1 in Dodging
  1604 | D:2      | Reached skill level 1 in Stealth
  1604 | D:2      | Reached skill level 1 in Shields
  1604 | D:2      | Reached skill level 1 in Unarmed Combat
  1604 | D:2      | Reached skill level 1 in Evocations
  1892 | D:3      | Noticed Terence
  1914 | D:2      | Killed Terence
  1915 | D:2      | Reached skill level 1 in Conjurations
  1915 | D:2      | Reached skill level 1 in Hexes
  1915 | D:2      | Reached skill level 1 in Summonings
  1915 | D:2      | Reached skill level 1 in Necromancy
  1915 | D:2      | Reached skill level 1 in Translocations
  1915 | D:2      | Reached skill level 1 in Transmutations
  1915 | D:2      | Reached skill level 1 in Fire Magic
  1915 | D:2      | Reached skill level 1 in Ice Magic
  1915 | D:2      | Reached skill level 1 in Air Magic
  1915 | D:2      | Reached skill level 1 in Poison Magic
  1915 | D:2      | Reached XP level 4. HP: 21/34 MP: 8/8
  2206 | D:3      | Reached XP level 5. HP: 39/40 MP: 9/9
  2716 | D:4      | Noticed Edmund
  2732 | D:4      | Slain by Edmund

Illustrated notes

Levels and vault maps discovered:
D:1:      nzn_arrival_settlement, layout_basic, ebering_ecumenical_altar_box,
          minmay_misc_feat_room
D:2:      layout_rooms, st_stairs_6, kennysheep_nub, uniq_crazy_yiuf_cottage
D:3:      layout_rooms, minmay_snake_closets, uniq_terence
D:4:      cheibrodos_quashed, layout_basic, mainiacjoe_overflow_catwalk_spiral,
          kennysheep_generic_room_2, uniq_menkaure, uniq_edmund

Skill      XL: |  1  2  3 |
---------------+----------+-----
Invocations    | 1 |  1.6
Short Blades   | 1 |  1.4
Long Blades    | 1 |  1.4
Axes           | 1 |  1.4
Maces & Flails | 1 |  1.4
Polearms       | 1 |  1.4
Ranged Weapons | 1 |  1.4
Armour         | 1 |  1.4
Dodging        | 1 |  1.4
Stealth        | 1 |  1.4
Shields        | 1 |  1.4
Unarmed Combat | 1 |  1.4
Evocations     | 1 |  1.4
Spellcasting   | 3 |  3.1
Conjurations   | 1 |  1.1
Hexes          | 1 |  1.1
Summonings     | 1 |  1.1
Necromancy     | 1 |  1.1
Translocations | 1 |  1.1
Transmutations | 1 |  1.1
Fire Magic     | 1 |  1.1
Ice Magic      | 1 |  1.1
Air Magic      | 1 |  1.1
Poison Magic   | 1 |  1.1
Fighting       | |  2.9
Staves         | |  6.7
Throwing       | |  4.7
Earth Magic    | |  5.5

Action                   |  1- 3 |  4- 6 || total
-------------------------+-------+-------++-------
Melee: Quarterstaff      |    86 |    31 ||   117
       Bite              |     6 |     5 ||    11
       Dagger            |       |    16 ||    16
Throw: Dart              |       |     8 ||     8
 Cast: Sandblast         |     8 |       ||     8
Armor: Robe              |     5 |       ||     5
       Scale mail        |    20 |    21 ||    41
Dodge: Dodged            |    31 |    14 ||    45
Block: Other             |    22 |    15 ||    37
       Reflection        |     1 |       ||     1
